 Dungeon Crawl Stone Soup version 0.29-a0-275-g389c0b56f3 (webtiles) character file.

Game seed: 5129504949684267728

167787 jlumianski the Myrmidon (level 17, -3/133 HPs)
             Began as a Demonspawn Fighter on Mar 10, 2022.
             Was an Elder of Okawaru.
             Slain by an alligator snapping turtle (30 damage)
             ... on level 4 of the Shoals on Mar 11, 2022.
             The game lasted 04:50:14 (33868 turns).

jlumianski the Myrmidon (Demonspawn Fighter)       Turns: 33868, Time: 04:50:15

Health: -3/133     AC: 14    Str: 19    XL:     17   Next: 32%
Magic:  33/33      EV: 19    Int: 12    God:    Okawaru [****..]
Gold:   1526       SH: 13    Dex: 16    Spells: 29/41 levels left

rFire   + . .      SeeInvis .   f - +9 quick blade (spect)
rCold   + . .      Faith    .   h - +0 kite shield {reflect}
rNeg    . . .      Spirit   .   m - +0 troll leather armour
rPois   .          Reflect  +   b - +2 hat {Will+}
rElec   .          Harm     .   D - scarf {rC+ rF+}
rCorr   .          Rampage  .   u - +2 pair of gloves
Will    +++..                   (boots unavailable)
Stlth   ++++++....              Y - amulet "Neangit" {Acrobat +Blink Slay+3}
HPRegen 1.12/turn               T - +4 ring of slaying
MPRegen 0.23/turn               s - ring of flight

@: heroic, finesse-ful, flying, studying Staves
A: hooves 3, icy blue scales 2, (demonic guardian 1), powered by pain 2, demonic
willpower
a: Renounce Religion, Evoke Blink, Heroism, Finesse


You were on level 4 of the Shoals.
You worshipped Okawaru.
Okawaru was greatly pleased with you.
You visited 5 branches of the dungeon, and saw 29 of its levels.
You also visited: Ossuary and Bailey.

You collected 3273 gold pieces.
You spent 1747 gold pieces at shops.

Inventory:

Hand Weapons
 d - the +10 dagger of the Pill Bug {drain, *Noise rPois Will+ Str+4}
   (You found it on level 2 of the Dungeon)

   A truly terrible weapon, it drains the life of any living foe it strikes.
   Str:       It affects your strength (+4).
   rPois:     It protects you from poison.
   *Noise:    It may make noises in combat.
   Will:      It increases your willpower.
 f - a +9 spectral quick blade (weapon)
 g - a +0 double sword
Missiles
 k - 6 silver boomerangs
 r - 2 boomerangs of dispersal
 x - 9 throwing nets
 K - 5 silver javelins
 O - 32 boomerangs (quivered)
 V - 2 atropa-tipped darts
Armour
 b - a +2 hat of willpower (worn)
 h - a +0 kite shield of reflection (worn)
 j - the +2 buckler "Sesowk" {rC+ Dex+3}
   (Okawaru gifted it to you on level 1 of the Spider Nest)

   Dex:       It affects your dexterity (+3).
   rC:        It protects you from cold.
 m - a +0 troll leather armour (worn)
 p - the +0 ring mail of the Earth {rCorr Str+4 Int+2 Dex-3}
   (You found it on level 11 of the Dungeon)

   Str:       It affects your strength (+4).
   Int:       It affects your intelligence (+2).
   Dex:       It affects your dexterity (-3).
   rCorr:     It protects you from acid and corrosion.
 u - a +2 pair of gloves (worn)
 D - a scarf of resistance (worn)
Jewellery
 a - the amulet "Jiny" {Spirit rPois Str-2 Int-3 Dex+8}
   (You found it on level 1 of the Spider Nest)

   [amulet of guardian spirit]

   It causes incoming damage to be divided between your reserves of health and
   magic.
   Str:       It affects your strength (-2).
   Int:       It affects your intelligence (-3).
   Dex:       It affects your dexterity (+8).
   rPois:     It protects you from poison.
 s - a ring of flight (right hand)
 z - a ring of protection from cold
 B - a ring of see invisible
 N - a +4 ring of slaying
 P - a ring of protection from fire
 T - a +4 ring of slaying (left hand)
 Y - the amulet "Neangit" (around neck) {Acrobat +Blink Slay+3}
   (You acquired it on level 8 of the Dungeon)

   [amulet of the acrobat]

   It increases your evasion while moving and waiting.
   Slay:      It affects your accuracy & damage with ranged weapons and melee
   (+3).
   +Blink:    It lets you blink.
Wands
 l - a wand of acid (16)
 y - a wand of paralysis (7)
 C - a wand of flame (76)
 J - a wand of iceblast (12)
Scrolls
 i - 12 scrolls of teleportation
 n - 5 scrolls of fear
 M - a scroll of torment
 Z - 2 scrolls of magic mapping
Potions
 c - a potion of cancellation
 e - 7 potions of heal wounds
 q - 2 potions of might
 w - 4 potions of resistance
 G - 6 potions of haste
 I - 5 potions of curing
 L - 3 potions of invisibility
Miscellaneous
 U - a tin of tremorstones (inert)


   Skills:
 * Level 11.8(16.8) Fighting
 - Level 10.0(15.0) Short Blades
 + Level 3.5(8.5) Axes
 + Level 4.6(9.6) Throwing
 + Level 7.2(12.2) Armour
 + Level 10.4(15.4) Dodging
 * Level 9.7(14.7) Stealth
 + Level 9.7(14.7) Shields
 * Level 12.6 Spellcasting
 * Level 4.7 Conjurations
 + Level 1.4 Translocations
 * Level 9.6 Transmutations
 + Level 0.7 Fire Magic
 + Level 0.8 Earth Magic
 - Level 14.2 Invocations
 * Level 6.2 Evocations


You had 29 spell levels left.
You knew the following spells:

 Your Spells              Type           Power      Damage    Failure   Level
a - Beastly Appendage     Tmut           60%        N/A       1%          1
b - Wereblood             Tmut           30%        N/A       1%          2
c - Passwall              Tmut/Erth      16%        N/A       3%          2
d - Scorch                Fire           18%        2d6       22%         2
e - Irradiate             Conj/Tmut      12%        3d18      26%         5

Your spell library contained the following spells:

 Spells                   Type           Power      Damage    Failure   Level
 Foxfire                  Conj/Fire      56%        2x1d6     6%          1
 Spider Form              Tmut/Pois      19%        N/A       8%          3
 Blade Hands              Tmut           15%        N/A       10%         5
 Sandblast                Erth           18%        2d7       13%         1
 Slow                     Hex            28%        N/A       19%         1
 Conjure Flame            Conj/Fire      14%        6-21      19%         3
 Stone Arrow              Conj/Erth      28%        3d8       19%         3
 Petrify                  Tmut/Erth      20%        N/A       22%         4
 Ice Form                 Ice/Tmut       19%        N/A       26%         4
 Gell's Gravitas          Tloc           10%        N/A       32%         3
 Confusing Touch          Hex            7%         N/A       50%         3
 Frozen Ramparts          Ice            14%        1d3       50%         3
 Ozocubu's Armour         Ice            7%         N/A       50%         3
 Vampiric Draining        Necr           7%         2d6       50%         3
 Flame Wave               Conj/Fire      14%        2d6       52%         4
 Passage of Golubria      Tloc           10%        N/A       71%         4
 Dragon Form              Tmut           15%        N/A       96%         7
 Conjure Ball Lightning   Conj/Air       6%         3x3d6     100%        6
 Dispersal                Tloc           5%         N/A       100%        6
 Ozocubu's Refrigeration  Ice            3%         4d5       100%        7
 Storm Form               Tmut/Air       9%         N/A       100%        7
 Discord                  Hex            3%         N/A       100%        8
 Disjunction              Tloc           5%         N/A       100%        8
 Summon Ice Beast         Ice/Summ       Unusable   N/A       N/A         4
 Summon Cactus Giant      Summ           Unusable   N/A       N/A         6

Dungeon Overview and Level Annotations

Branches:
Dungeon (15/15)            Temple (0/1) D:5            Lair (6/6) D:11
 Shoals (4/4) Lair:4       Spider (2/4) Lair:3        Slime (0/5) Lair:5
    Orc (2/2) D:12            Elf (0/3) Orc:2        Vaults (0/5) D:13
 Depths (0/4) D:15        Ossuary (visited)          Bailey (visited)

Altars:
Ashenzari
Cheibriados
Elyvilon
Fedhas
Gozag
Hepliaklqana
Kikubaaqudgha
Okawaru
Qazlal
Ru
Sif Muna
Trog
Vehumet
Wu Jian
Xom
Zin
The Shining One
Jiyva

Shops:
D:3 (   D:8 =   D:9 *   D:11 (   Orc:1 [   Orc:2 [[(!(

Portals:
Abyss: D:9

Annotations:
D:9 2 transporters, sirJeffrey23's ghost, novice HOFi


Innate Abilities, Weirdness & Mutations

You have hooves in place of feet.
You are mostly covered in icy blue scales. (AC +3)
((A weak demonic guardian rushes to your aid.))
You sometimes gain power by taking damage.
You punish those that try to bend your will. (Will+)


Message History

You kick the alligator snapping turtle, but do no damage.
The alligator snapping turtle is moderately wounded.
Your +9 spectral quick blade hits the alligator snapping turtle but does no damage.
You hit the alligator snapping turtle. You kick the alligator snapping turtle!
The alligator snapping turtle is moderately wounded.
Your +9 spectral quick blade hits the alligator snapping turtle but does no damage.
You block the manticore's attack. The manticore claws you.
You block the manticore's attack.
You hit the alligator snapping turtle but do no damage.
You kick the alligator snapping turtle, but do no damage.
The alligator snapping turtle is moderately wounded.
Your +9 spectral quick blade hits the alligator snapping turtle but does no damage.
The alligator snapping turtle bites you but does no damage.
You barely miss the manticore. You kick the manticore.
The manticore is moderately wounded.
Your +9 spectral quick blade completely misses the manticore.
You puncture the manticore! You kick the manticore!
The manticore is almost dead.
Your +9 spectral quick blade hits the manticore.
You catch the helpless manticore completely off-guard!
You stick the manticore like a pincushion!!!!
You kill the manticore!
Okawaru accepts your kill.
The alligator snapping turtle bites you!
The alligator snapping turtle attacks as you move away!
The alligator snapping turtle bites you.
A snapping turtle comes into view.
The alligator snapping turtle completely misses you.
The water nymph points at you and mumbles some strange words.
The water rises up and strikes you!!
* * * LOW HITPOINT WARNING * * *
You feel much better.
The water nymph gestures at you while chanting.
The water rises up and strikes you!!
* * * LOW HITPOINT WARNING * * *
The alligator snapping turtle bites you from afar!
* * * LOW HITPOINT WARNING * * *
You feel much better.
The alligator snapping turtle bites you from afar!!
You die...

############################
≈≈≈≈≈≈≈≈≈≈≈≈≈≈≈≈≈≈≈≈≈≈≈≈≈≈≈#
≈≈≈≈≈≈≈≈≈≈≈≈≈≈≈≈≈≈≈≈≈≈≈≈≈≈≈#
≈≈≈≈≈≈≈≈≈t≈@≈≈≈≈≈≈≈≈≈≈≈≈≈≈≈#
≈≈≈≈≈≈≈≈≈≈≈≈≈≈≈≈≈≈≈≈≈≈≈≈≈≈≈#
≈≈≈≈≈≈≈≈≈≈≈t≈≈≈≈≈≈≈≈≈≈≈≈≈≈≈#
≈≈≈≈≈≈≈m≈≈≈≈≈≈≈≈≈≈≈≈≈≈≈≈≈≈≈#
≈≈≈≈≈≈≈≈≈≈≈≈≈≈≈≈≈≈≈≈≈≈≈≈≈≈≈#
≈≈≈≈≈≈≈≈≈≈≈≈≈≈≈≈≈≈≈≈≈≈≈≈≈≈≈#
≈≈≈≈≈≈≈≈≈≈≈≈≈≈≈≈≈≈≈≈≈≈≈≈≈≈≈#
≈≈≈≈≈≈≈≈≈≈........≈≈≈≈≈≈≈≈≈#
≈≈≈≈≈≈≈≈≈........≈≈≈≈≈≈≈≈≈≈#


You could see an alligator snapping turtle, a snapping turtle and a water nymph.

Vanquished Creatures
  Polyphemus (Shoals:2)
  Gastronok (Orc:1)
  Ilsuiw (Shoals:2)
  Donald (Shoals:4)
  Louise (D:15)
  A stone giant (D:15)
  A broodmother (Spider:1)
  3 entropy weavers
  A spark wasp (Spider:2)
  Josephine (D:11)
  2 merfolk javelineers (Shoals:3)
  6 merfolk impalers
  Harold (D:9)
  3 vault guards
  6 boulder beetles
  4 hydras
  A jorogumo (Spider:2)
  Erica (D:11)
  A catoblepas (Shoals:2)
  5 ogre magi
  2 merfolk avatars
  A merfolk aquamancer (Shoals:4)
  24 two-headed ogres
  3 centaur warriors
  A radroach (Spider:2)
  4 satyrs
  3 alligator snapping turtles
  2 tengu warriors (D:15)
  3 death yaks (Shoals:2)
  An orc high priest (Orc:1)
  Nergalle (D:11)
  2 pharaoh ants
  2 fire crabs (Shoals:2)
  A fire crab (shapeshifter) (D:13)
  An orb spider (Spider:1)
  Lodul (D:12)
  A goliath frog (Lair:6)
  11 sea snakes
  An obsidian statue (Lair:4)
  A steelbarb worm (Spider:2)
  An orc knight (D:14)
  Pikel (D:6)
  2 deep elf pyromancers (D:12)
  10 harpies
  10 cyclopes
  3 oklob plants
  11 manticores
  An ugly thing (D:13)
  7 fauns
  8 elephants
  4 wolf spiders
  3 water nymphs
  12 merfolk sirens
  3 black mambas
  Joseph (D:9)
  An unseen horror (D:5)
  Psyche (D:11)
  3 rime drakes
  A kobold demonologist (D:5)
  17 cane toads
  2 torpor snails
  A yaktaur (shapeshifter) (D:14)
  2 demonic crawlers (Spider:2)
  8 komodo dragons
  31 merfolk
  3 tyrant leeches (Lair:6)
  4 wind drakes
  6 trolls
  2 hornets
  24 blink frogs
  9 tarantellas
  2 snapping turtles (Shoals:1)
  Prince Ribbit (Bailey)
  14 dream sheep
  9 jumping spiders
  Grinder (D:5)
  8 culicivoras
  Sigmund (D:2)
  2 shadows
  2 vampires
  A spriggan (D:12)
  5 wraiths
  4 water elementals
  6 basilisks
  57 yaks
  5 wyverns
  2 fire bats (Shoals:3)
  Eustachio (D:4)
  A hog (shapeshifter) (D:14)
  24 redbacks
  Grum (D:8)
  19 vampire mosquitoes
  2 steam dragons
  14 humans
  Menkaure (D:6)
  A warg (D:15)
  Edmund (D:5)
  3 acid dragons
  6 water moccasins
  19 orc warriors
  3 ice beasts
  2 black bears
  2 sky beasts
  5 boggarts
  9 centaurs
  6 wolves
  33 ogres
  A lemure (D:6)
  An elf zombie (Ossuary)
  23 bullfrogs
  2 necrophages
  2 gnoll sergeants
  6 scorpions
  5 wights (D:7)
  14 killer bees
  A vampire bat (Orc:1)
  3 howler monkeys
  5 electric eels
  A centaur zombie (Ossuary)
  14 orc priests
  6 hounds
  Crazy Yiuf (D:2)
  2 jellies (D:5)
  A human zombie (Ossuary)
  A gnoll shaman (D:5)
  18 orc wizards
  Natasha (thrice) (D:4 D:3)
  2 mummies (Ossuary)
  Robin (D:4)
  13 adders
  9 gnolls
  A shadow imp (D:8)
  2 ufetubi
  3 adder zombies (Ossuary)
  3 worms
  A dart slug (D:2)
  66 orcs
  6 ball pythons
  6 endoplasms
  25 goblins
  7 hobgoblins
  8 jackals
  3 kobolds
  4 quokkas
  3 training dummies (Orc:2)
  8 bats
  3 frilled lizards
  3 goblin zombies (Ossuary)
  8 hobgoblin zombies (Ossuary)
  10 kobold zombies (Ossuary)
  9 orc zombies (Ossuary)
  9 rats
  A rat zombie (Ossuary)
897 creatures vanquished.

Vanquished Creatures (others)
  An ogre mage (D:13)
  A human (D:13)
  A giant cockroach (D:4)
  21 fungi
  138 plants
162 creatures vanquished.

Grand Total: 1059 creatures vanquished

Notes
Turn   | Place    | Note
-------+----------+-------------------------------------------
     0 | D:1      | jlumianski the Demonspawn Fighter began the quest for the
                  | Orb.
     0 | D:1      | Reached XP level 1. HP: 18/18 MP: 1/1
   366 | D:1      | Gained mutation: You are partially covered in icy blue
                  | scales. (AC +2) [demonic ancestry]
   366 | D:1      | Reached XP level 2. HP: 20/24 MP: 2/2
   672 | D:2      | Reached XP level 3. HP: 29/29 MP: 3/3
  1261 | D:2      | Gained mutation: You have large cloven feet. [demonic
                  | ancestry]
  1261 | D:2      | Reached XP level 4. HP: 30/35 MP: 4/4
  1581 | D:2      | Noticed Sigmund
  1590 | D:2      | Killed Sigmund
  1591 | D:2      | Reached skill level 1 in Stealth
  1591 | D:2      | Gained mutation: You have hoof-like feet. [demonic
                  | ancestry]
  1591 | D:2      | Reached XP level 5. HP: 34/42 MP: 5/5
  1711 | D:2      | Identified the +10 dagger of the Pill Bug {drain, *Noise
                  | rPois Will+ Str+4}
  1775 | D:2      | Found a runed translucent door.
  1776 | D:2      | Noticed Crazy Yiuf
  2011 | D:2      | Found a faded altar of an unknown god.
  2148 | D:2      | Killed Crazy Yiuf
  2149 | D:2      | Gained mutation: You sometimes gain a little power by
                  | taking damage. [demonic ancestry]
  2149 | D:2      | Reached XP level 6. HP: 26/48 MP: 2/6
  2310 | D:3      | Found Owkao's Weapon Shop.
  3330 | D:4      | Reached skill level 1 in Short Blades
  3362 | D:4      | Found a shimmering blue altar of Sif Muna.
  3363 | D:4      | Found a shimmering altar of Xom.
  3365 | D:4      | Found a blossoming altar of Fedhas.
  3367 | D:4      | Found an iron altar of Okawaru.
  3368 | D:4      | Found a stormy altar of Qazlal.
  3368 | D:4      | Found a radiant altar of Vehumet.
  3369 | D:4      | Found an ancient bone altar of Kikubaaqudgha.
  3370 | D:4      | Found a broken altar of Ashenzari.
  3370 | D:4      | Found a sacrificial altar of Ru.
  3375 | D:4      | Became a worshipper of Warmaster Okawaru
  3415 | D:4      | Noticed Natasha
  3426 | D:4      | Killed Natasha
  3427 | D:4      | Reached skill level 1 in Dodging
  3431 | D:4      | Noticed Natasha
  3448 | D:4      | Killed Natasha
  3455 | D:4      | Noticed Robin
  3463 | D:4      | Killed Robin
  3465 | D:4      | Noticed Natasha
  3692 | D:3      | Killed Natasha
  3860 | D:4      | Noticed a steam dragon
  3866 | D:4      | Killed a steam dragon
  3867 | D:4      | Gained mutation: You sometimes gain power by taking damage.
                  | [demonic ancestry]
  3867 | D:4      | Reached XP level 7. HP: 29/54 MP: 3/7
  4192 | D:5      | Entered Level 5 of the Dungeon
  4195 | D:5      | Noticed Eustachio
  4212 | D:4      | Reached * piety under Okawaru
  4234 | D:4      | Killed Eustachio
  4235 | D:4      | Reached skill level 5 in Armour
  4434 | D:4      | Gained mutation: You are mostly covered in icy blue scales.
                  | (AC +3) [demonic ancestry]
  4434 | D:4      | Reached XP level 8. HP: 61/61 MP: 8/8
  4471 | D:5      | Reached ** piety under Okawaru
  4507 | D:5      | Killed an unseen horror
  4596 | D:5      | Noticed Grinder
  4687 | D:5      | Killed Grinder
  4734 | D:5      | Reached skill level 5 in Short Blades
  4827 | D:5      | Reached skill level 5 in Fighting
  5194 | D:5      | Noticed a kobold demonologist
  5195 | D:5      | Noticed a hellwing
  5202 | D:5      | Noticed a sixfirhy
  5264 | D:5      | Killed a kobold demonologist
  5264 | D:5      | Reached *** piety under Okawaru
  5265 | D:5      | Reached skill level 5 in Shields
  5265 | D:5      | Reached XP level 9. HP: 68/68 MP: 9/9
  5286 | D:5      | Found a staircase to the Ecumenical Temple.
  5294 | D:5      | Noticed Edmund
  5302 | D:5      | Killed Edmund
  5766 | D:6      | Noticed Menkaure
  5770 | D:6      | Killed Menkaure
  5770 | D:6      | Reached **** piety under Okawaru
  5775 | D:6      | Noticed Pikel
  5802 | D:6      | Killed Pikel
  6120 | D:7      | Found a sand-covered staircase.
  6126 | Ossuary  | Entered an ossuary
  6501 | D:7      | Reached skill level 1 in Invocations
  6517 | D:7      | Reached ***** piety under Okawaru
  6518 | D:7      | Reached XP level 10. HP: 77/77 MP: 8/10
  6536 | D:7      | Reached skill level 5 in Dodging
  6556 | D:7      | Found a flagged portal.
  6615 | Bailey   | Entered a bailey
  6641 | Bailey   | Reached skill level 2 in Invocations
  6769 | Bailey   | Reached skill level 3 in Invocations
  6809 | Bailey   | Noticed a vault guard
  6831 | Bailey   | Killed a vault guard
  6832 | Bailey   | Reached skill level 4 in Invocations
  6837 | Bailey   | Noticed a vault guard
  6865 | Bailey   | Killed a vault guard
  6879 | Bailey   | Noticed Prince Ribbit
  6885 | Bailey   | Killed Prince Ribbit
  7698 | D:7      | Identified a scroll of acquirement
  7699 | D:7      | Acquired a manual of Spellcasting
  7712 | D:7      | Learned a level 1 spell: Beastly Appendage
  7916 | D:8      | Noticed a two-headed ogre
  7920 | D:8      | Reached skill level 5 in Invocations
  7929 | D:8      | Reached skill level 1 in Transmutations
  7946 | D:8      | Received a gift from Okawaru
  7953 | D:8      | Killed a two-headed ogre
  7954 | D:8      | Reached skill level 1 in Spellcasting
  7954 | D:8      | Reached skill level 6 in Invocations
  7954 | D:8      | Gained mutation: You have hooves in place of feet. [demonic
                  | ancestry]
  7954 | D:8      | Reached XP level 11. HP: 37/85 MP: 2/15
  8285 | D:8      | Acquired the amulet "Neangit" {Acrobat +Blink Slay+3}
  8556 | D:8      | Found Eveqan's Jewellery Emporium.
  8621 | D:8      | Noticed Grum
  8665 | D:8      | Reached skill level 1 in Throwing
  8802 | D:8      | Killed Grum
  8807 | D:8      | Reached skill level 7 in Invocations
  8947 | D:8      | Found an ornate altar of the Wu Jian Council.
  8964 | D:8      | Received a gift from Okawaru
  9276 | D:9      | Found Uwyghel's Assorted Antiques.
  9282 | D:9      | Bought a pair of glowing gloves for 210 gold pieces
  9331 | D:9      | Found a one-way gate to the infinite horrors of the Abyss.
  9331 | D:9      | Noticed sirJeffrey23's ghost (novice HOFi)
  9334 | D:9      | Noticed a wizard
  9365 | D:9      | Found a bloodstained altar of Trog.
  9588 | D:9      | Noticed Harold
  9598 | D:9      | Killed Harold
  9669 | D:9      | Found a transporter.
  9676 | D:9      | Noticed a great orb of eyes
  9713 | D:9      | Found a transporter.
  9803 | D:9      | Noticed Joseph
  9813 | D:9      | Killed Joseph
  9916 | D:8      | Learned a level 2 spell: Wereblood
 10148 | D:9      | Found a snail-covered altar of Cheibriados.
 10150 | D:9      | Found a hazy altar of Hepliaklqana.
 10355 | D:10     | Entered Level 10 of the Dungeon
 10381 | D:10     | Reached skill level 5 in Stealth
 10381 | D:10     | Reached skill level 1 in Translocations
 10381 | D:10     | Reached skill level 8 in Invocations
 10381 | D:10     | Reached skill level 1 in Evocations
 10381 | D:10     | Reached XP level 12. HP: 94/94 MP: 17/21
 10411 | D:10     | Noticed a two-headed ogre
 10421 | D:10     | Killed a two-headed ogre
 10430 | D:10     | Reached skill level 9 in Invocations
 10711 | D:10     | Identified the +5 ring mail "Tuzior" {rPois rC+++ Dex-2}
                  | (Okawaru gifted it to you on level 10 of the Dungeon)
 10711 | D:10     | Received a gift from Okawaru
 11461 | D:11     | Found a staircase to the Lair.
 11465 | D:11     | Noticed Psyche
 11485 | D:11     | Killed Psyche
 11502 | D:11     | Noticed a boulder beetle
 11522 | D:11     | Killed a boulder beetle
 11523 | D:11     | Reached skill level 10 in Invocations
 11655 | D:11     | Gained mutation: You punish those that try to bend your
                  | will. (Will+) [demonic ancestry]
 11655 | D:11     | Reached XP level 13. HP: 99/99 MP: 23/23
 11762 | D:11     | Noticed Josephine
 11771 | D:11     | Killed Josephine
 11782 | D:11     | Reached skill level 5 in Transmutations
 11800 | D:11     | Noticed Erica
 11809 | D:11     | Killed Erica
 11933 | D:11     | Noticed Nergalle
 11941 | D:11     | Killed Nergalle
 11979 | D:11     | Identified the +0 ring mail of the Earth {rCorr Str+4 Int+2
                  | Dex-3}
 12065 | D:11     | Found Minaotut's Antique Weapon Boutique.
 12284 | D:11     | Reached skill level 11 in Invocations
 12692 | D:12     | Found a staircase to the Orcish Mines.
 12839 | D:12     | Found a hazy altar of Hepliaklqana.
 12839 | D:12     | Found a faded altar of an unknown god.
 12933 | D:12     | Noticed Lodul
 12959 | D:12     | Received a gift from Okawaru
 12971 | D:12     | Killed Lodul
 13154 | D:12     | Learned a level 2 spell: Passwall
 13255 | D:12     | Identified the +6 war axe of Dacyrimp {flame, rC- Str+5
                  | Int+3}
 13342 | D:12     | Identified the +6 hand axe of Disharmony {protect, Will+}
                  | (Okawaru gifted it to you on level 12 of the Dungeon)
 13342 | D:12     | Received a gift from Okawaru
 13653 | D:13     | Reached skill level 12 in Invocations
 13886 | D:13     | Learned a level 2 spell: Scorch
 14173 | D:13     | Gained mutation: A weak demonic guardian rushes to your
                  | aid. [demonic ancestry]
 14173 | D:13     | Reached XP level 14. HP: 75/108 MP: 27/27
 14184 | D:13     | Received a gift from Okawaru
 14361 | D:13     | Found a gate to the Vaults.
 14786 | D:8      | Bought a +4 ring of slaying for 1092 gold pieces
 15030 | D:14     | Identified the +0 hat of Starshine {Str+6} (Okawaru gifted
                  | it to you on level 14 of the Dungeon)
 15030 | D:14     | Received a gift from Okawaru
 15223 | D:14     | Found a broken altar of Ashenzari.
 15501 | D:15     | Entered Level 15 of the Dungeon
 15741 | D:15     | Noticed Louise
 15783 | D:15     | Killed Louise
 16196 | D:15     | Found a staircase to the Depths.
 16196 | D:15     | Noticed a stone giant
 16204 | D:15     | Killed a stone giant
 16205 | D:15     | Reached skill level 13 in Invocations
 16443 | Lair:1   | Entered Level 1 of the Lair of Beasts
 16537 | Orc:1    | Entered Level 1 of the Orcish Mines
 16564 | Orc:1    | Reached skill level 10 in Spellcasting
 16856 | Orc:1    | Found Ovexaekk's Antique Armour Shop.
 16890 | Orc:1    | Noticed Gastronok
 16902 | Orc:1    | Killed Gastronok
 17346 | Orc:2    | Entered Level 2 of the Orcish Mines
 17599 | Orc:2    | Found Witol's Firing Range.
 17626 | Orc:2    | Bought 4 boomerangs for 26 gold pieces
 17626 | Orc:2    | Bought a throwing net for 39 gold pieces
 17651 | Orc:2    | Found a staircase to the Elven Halls.
 17889 | Orc:2    | Received a gift from Okawaru
 18276 | Orc:2    | Reached XP level 15. HP: 114/114 MP: 29/29
 18336 | Orc:2    | Found Wumisk's Armour Shoppe.
 18336 | Orc:2    | Found Oshrum's Distillery.
 18336 | Orc:2    | Found Ypsuepos's Armour Shop.
 18336 | Orc:2    | Found Letot's Weapon Shoppe.
 18366 | Orc:2    | Bought a +0 buckler of fire resistance for 172 gold pieces
 18378 | Orc:2    | Bought 2 potions of mutation for 208 gold pieces
 18941 | Lair:1   | Found an opulent altar of Gozag.
 20201 | Lair:3   | Reached skill level 10 in Short Blades
 20353 | Lair:3   | Found a hole to the Spider Nest.
 20534 | Lair:3   | Found a runed translucent door.
 21040 | Lair:4   | Found a staircase to the Shoals.
 21235 | Lair:4   | Reached skill level 14 in Invocations
 21255 | Lair:4   | You fall into a shaft and drop 2 floors!
 21255 | Lair:6   | Entered Level 6 of the Lair of Beasts
 21307 | Lair:4   | Received a gift from Okawaru
 22036 | Lair:4   | Got Vyqureen's Collected Works on the Quantum Blaze
 22040 | Lair:4   | Identified the +1 longbow of Beogh's Esteem {venom, rElec
                  | rC- rN++ rCorr}
 22244 | Lair:5   | Received a gift from Okawaru
 22498 | Lair:5   | Found a viscous altar of Jiyva.
 22499 | Lair:5   | Found a staircase to the Slime Pits.
 23578 | Lair:6   | Reached skill level 10 in Fighting
 24061 | Lair:6   | Learned a level 5 spell: Irradiate
 24061 | Lair:6   | Identified the +8 long sword "Hofreneq" {vamp, rPois rF++
                  | Int+4}
 24483 | Spider:1 | Entered Level 1 of the Spider Nest
 24570 | Spider:1 | Identified the amulet "Jiny" {Spirit rPois Str-2 Int-3
                  | Dex+8}
 24637 | Spider:1 | You fall into a shaft and drop 1 floor!
 24656 | Spider:1 | Identified the +2 buckler "Sesowk" {rC+ Dex+3} (Okawaru
                  | gifted it to you on level 1 of the Spider Nest)
 24656 | Spider:1 | Received a gift from Okawaru
 24746 | Spider:1 | Identified the +3 ring mail of the Tuna {Fly Dex+2}
 25085 | Lair:3   | Reached skill level 1 in Conjurations
 25888 | Spider:1 | Reached XP level 16. HP: 98/123 MP: 26/31
 25981 | Arena    | Entered the Arena
 28190 | Shoals:1 | Entered Level 1 of the Shoals
 28685 | Shoals:1 | Received a gift from Okawaru
 28716 | Shoals:1 | Reached skill level 5 in Evocations
 29954 | Shoals:2 | Noticed Polyphemus
 30032 | Shoals:2 | Killed Polyphemus
 30365 | Shoals:2 | Identified the +3 robe "Fetyr" {rF+ Slay+3 Stlth+}
 30733 | Shoals:2 | Reached skill level 10 in Dodging
 31172 | Shoals:2 | Identified the +0 chain mail "Deolaren" {Str+3} (Okawaru
                  | gifted it to you on level 2 of the Shoals)
 31172 | Shoals:2 | Received a gift from Okawaru
 31258 | Shoals:3 | Noticed Ilsuiw
 31344 | Shoals:2 | Killed Ilsuiw
 31519 | Shoals:3 | Got Axymp's Guide on Icy Moulding
 31927 | Shoals:3 | Reached XP level 17. HP: 106/131 MP: 29/33
 32563 | D:11     | Acquired a +8 quick blade
 32998 | Shoals:4 | Entered Level 4 of the Shoals
 32998 | Shoals:4 | Noticed Donald
 32999 | Shoals:4 | Killed Donald
 33541 | Shoals:4 | HP: 6/133 [merfolk javelineer/silver javelin (4)]
 33868 | Shoals:4 | Slain by an alligator snapping turtle

Illustrated notes

Levels and vault maps discovered:
D:1:      heliophobic_arrival_enchanted_forest, layout_rooms
D:2:      layout_loops_ring, shapermc_ecumenical_altar_mp_highgroup,
          uniq_crazy_yiuf_cottage, uniq_sigmund
D:3:      layout_basic, lemuel_crystal_altar, serial_shops, shop,
          serial_aquarium, aquarium_bridge_square [aquarium_subvault_wall,
          aquarium_subvault_bridge, aquarium_subvault_balcony,
          aquarium_subvault_bridge], aquarium_bridge_square
          [aquarium_subvault_bridge, aquarium_subvault_bridge,
          aquarium_subvault_bridge, aquarium_subvault_bridge],
          aquarium_window_3, aquarium_window_double, aquarium_window_fake,
          aquarium_window_fake, aquarium_view_2c, aquarium_balcony_double_1,
          aquarium_pool_1, minmay_misc_feat_ornament
D:4:      layout_rooms, nicolae_overflows_in_rows, uniq_natasha, uniq_robin
D:5:      layout_rooms, minmay_temple_entry_nine_rooms,
          minmay_increasing_density, uniq_eustachio, uniq_grinder, uniq_edmund
D:6:      layout_basic, uniq_menkaure, uniq_pikel
D:7:      layout_loops_ring, nicolae_ossuary_entry_plus, enter_bailey_5
D:8:      layout_loops_ring, overflow_temple_1_default,
          minmay_shop_enchanted_jewellery, minivault_21, minmay_crystal_water,
          minmay_crossroads, uniq_grum
D:9:      layout_small_grid, trog_book, grunt_temple_overflow_open,
          serial_shops, nicolae_stop_n_shop_1, gammafunk_ghost_abyssal_escape,
          uniq_joseph, uniq_harold
D:10:     layout_basic
D:11:     layout_roguey, dpeg_oklobed_lair, kennysheep_windowed_goal,
          uniq_josephine, uniq_erica, uniq_nergalle, uniq_psyche
D:12:     layout_irregular_city, david_orc_2,
          beargit_hepliaklqana_dungeon_heroes, uniq_lodul
D:13:     layout_loops_corners, ximxim_vaults_locker_room
D:14:     layout_cave_pools, cheibrodos_ashenzari_chains
D:15:     grunt_enter_depths_snipers, layout_cave_pools,
          minmay_misc_feat_enclosed, uniq_louise
Lair:1:   layout_chaotic_city, basic_altar
Lair:2:   layout_loops_ring, lemuel_old_faithful, grunt_megastairs_5
Lair:3:   layout_loops_ring, dummy_spider_entry, pf_torpor_hydra,
          infiniplex_staircase_pool
Lair:4:   statuecave_lemuel, layout_gridlike, shoals_dummy_entry
Lair:5:   layout_cave_pods, slime_altar_1
Lair:6:   minmay_lair_end_frog_pond, layout_gridlike,
          infiniplex_staircase_pool_2
Shoals:1: layout_shoals, abandoned_shop
Shoals:2: layout_shoals, uniq_polyphemus
Shoals:3: layout_shoals, hangedman_shoal_volcano, uniq_ilsuiw
Shoals:4: shoals_end_grunt_ice, layout_shoals, uniq_donald
Spider:1: layout_cave_pods
Spider:2: layout_spider_delve
Orc:1:    layout_diamond_mine, serial_shops, nicolae_shop_statue_plus,
          roderic_batcave, uniq_gastronok
Orc:2:    st_orc_ogre_mass, layout_diamond_mine, nicolae_shop_firing_range

Skill      XL: |  1  2  3  4  5  6  7  8  9 10 11 12 13 14 15 16 17 |
---------------+----------------------------------------------------+-----
Shields        | 3 5 6 7 8 9 |  9.7
Axes           | 2 3 |  3.5
Armour         | 3 4 5 6 7 |  7.2
Fighting       | 4 5 6 7 8 9 10 11 | 11.8
Stealth        | 1 2 3 4 5 6 8 9 |  9.7
Short Blades   | 2 3 5 6 7 9 10 | 10.0
Dodging        | 1 2 3 4 6 8 9 10 | 10.4
Invocations    | 1 6 8 10 12 13 14 | 14.2
Transmutations | 1 4 6 7 8 9 |  9.6
Spellcasting   | 1 6 9 10 11 12 | 12.6
Throwing       | 2 3 4 |  4.6
Translocations | 1 |  1.4
Evocations     | 1 4 5 6 |  6.2
Conjurations   | 2 4 |  4.7
Fire Magic     | |  0.7
Earth Magic    | |  0.8

Action                   |  1- 3 |  4- 6 |  7- 9 | 10-12 | 13-15 | 16-18 || total
-------------------------+-------+-------+-------+-------+-------+-------++-------
Melee: War axe           |   102 |    17 |       |       |       |       ||   119
       Kick              |       |    29 |    92 |   151 |   457 |   366 ||  1095
       Dagger            |       |    99 |   296 |   410 |  1171 |   603 ||  2579
       Headbutt          |       |       |       |    13 |     3 |       ||    16
       Quick blade       |       |       |       |       |       |   152 ||   152
Throw: Dart              |     1 |       |     2 |       |       |       ||     3
       Boomerang         |       |       |       |    40 |    36 |    29 ||   105
 Cast: Beastly Appendage |       |       |       |     5 |     2 |       ||     7
       Wereblood         |       |       |       |     1 |     5 |       ||     6
       Scorch            |       |       |       |       |     4 |       ||     4
       Passwall          |       |       |       |       |     1 |       ||     1
Invok: Heroism           |       |       |     2 |     5 |     9 |    11 ||    27
       Finesse           |       |       |       |    14 |    18 |    15 ||    47
       Duel              |       |       |       |       |       |     1 ||     1
 Abil: Evoke Blink       |       |       |       |       |     2 |       ||     2
Evoke: Wand              |       |       |       |     4 |       |     2 ||     6
       Tin of tremorston |       |       |       |       |       |     2 ||     2
  Use: Potion            |       |     1 |     3 |     1 |     1 |    10 ||    16
       Scroll            |       |       |    12 |    10 |     6 |     9 ||    37
 Stab: Sleeping          |     1 |       |     2 |     4 |    17 |     7 ||    31
       Distracted        |       |       |       |       |     6 |    11 ||    17
Armor: Scale mail        |    58 |    62 |       |       |       |       ||   120
       Steam dragon scal |       |       |   116 |    71 |     8 |       ||   195
       Troll leather arm |       |       |       |       |   134 |    77 ||   211
       Ring mail         |       |       |       |       |     2 |    26 ||    28
Dodge: Dodged            |    47 |    73 |   167 |   221 |   504 |   492 ||  1504
Block: Buckler           |    25 |    28 |    64 |    80 |   229 |   209 ||   635
       Kite shield       |       |       |       |       |       |    44 ||    44
       Reflection        |       |       |       |       |       |     9 ||     9

Table legend: (Time is in decaauts)
 A = Elapsed time spent in this place.
 B = Non-inter-level travel time spent in this place.
 C = Inter-level travel time spent in this place.
 D = Time resting spent in this place.
 E = Time spent auto-exploring this place.
 F = Levels seen in this place.
 G = Mean time per level.
                   A        B        C        D        E       F      G
               +--------+--------+--------+--------+--------+-----+--------+
         Total |  32802 |  31175 |   1627 |   5050 |  13166 |  32 | 1025.1 |
       Dungeon |  15578 |  14887 |    691 |   1965 |   7458 |  15 | 1038.5 |
          Lair |   6149 |   5471 |    678 |     73 |   3551 |   6 | 1024.8 |
        Shoals |   5142 |   5058 |     84 |   1070 |   1035 |   4 | 1285.5 |
   Spider Nest |   3224 |   3111 |    113 |   1573 |    563 |   2 | 1612.0 |
  Orcish Mines |   1908 |   1848 |     60 |    126 |    538 |   2 |  954.0 |
       Ossuary |    282 |    282 |      0 |      0 |     21 |   1 |  282.0 |
        Bailey |    490 |    490 |      0 |    236 |      0 |   1 |  490.0 |
         Arena |     25 |     25 |      0 |      7 |      0 |   1 |   25.0 |
               +--------+--------+--------+--------+--------+-----+--------+

Top non-repeatable levels by time:
Spider:1: 2498 daAuts
Shoals:3: 1690 daAuts
Shoals:2: 1667 daAuts
     D:8: 1628 daAuts
Shoals:1: 1402 daAuts
     D:2: 1313 daAuts
     D:3: 1249 daAuts
    D:10: 1236 daAuts
    D:12: 1164 daAuts
  Lair:3: 1160 daAuts
    D:11: 1148 daAuts
  Lair:4: 1134 daAuts
    D:13: 1114 daAuts
   Orc:2: 1093 daAuts
  Lair:6: 1044 daAuts
